 Dungeon Crawl Stone Soup version 0.29.1-12-g30fa7ad0bf (webtiles) character file.

Game seed: 1366258427569195084

58 shoemetal68 the Chopper (level 4, -2/45 HPs)
             Began as an Ogre Gladiator on Dec 17, 2022.
             Was a Believer of Lugonu.
             Slain by a goblin
             ... wielding a +0 dagger
             ... led by Robin
              (3 damage)
             ... on level 2 of the Dungeon.
             The game lasted 00:10:53 (1258 turns).

shoemetal68 the Chopper (Ogre Gladiator)            Turns: 1258, Time: 00:10:54

Health: -2/45      AC:  4    Str: 18    XL:     4   Next: 2%
Magic:  4/4        EV: 10    Int:  9    God:    Lugonu [**....]
Gold:   109        SH:  0    Dex: 12    Spells: 3/3 levels left

rFire   . . .      SeeInvis .   a - +0 war axe
rCold   . . .      Faith    .   (no shield)
rNeg    . . .      Spirit   .   b - +0 robe
rPois   .          Reflect  .   c - +0 hat
rElec   .          Harm     .   j - +0 cloak
rCorr   .          Rampage  .   (gloves unavailable)
Will    .....                   (boots unavailable)
Stlth   +.........              s - amulet of the acrobat
HPRegen 0.15/turn               e - ring of flight
MPRegen 0.09/turn               (no ring)

@: flying
A: large, unfitting armour, tough skin 1
a: Renounce Religion, Depart the Abyss, Bend Space


You were on level 2 of the Dungeon.
You worshipped Lugonu.
Lugonu was pleased with you.
You visited 1 branch of the dungeon, and saw 2 of its levels.

You collected 109 gold pieces.

Inventory:

Hand Weapons
 a - a +0 war axe (weapon)
 h - a +0 sling
Missiles
 d - 3 throwing nets (quivered)
 i - 19 stones
 q - a large rock
Armour
 b - a +0 robe (worn)
 c - a +0 hat (worn)
 j - a +0 cloak (worn)
Jewellery
 e - a ring of flight (left hand)
 s - an amulet of the acrobat (around neck)
Scrolls
 f - a scroll of poison {unknown}
 g - a scroll of identify {unknown}
 o - a scroll of immolation {unknown}
 r - a scroll of noise {unknown}
Potions
 k - a potion of heal wounds {unknown}
 l - a potion of haste {unknown}
 m - 2 potions of flight {unknown}
 n - a potion of curing {unknown}
 p - a potion of lignification {unknown}


   Skills:
 + Level 3.4 Fighting
 + Level 4.0 Axes
 + Level 2.1 Throwing
 + Level 3.0 Dodging
 + Level 0.1 Stealth


You had 3 spell levels left.
You didn't know any spells.
Your spell library contained the following spells:

 Spells                   Type           Power      Damage    Failure   Level
 Frozen Ramparts          Ice            0%         1d1       77%         3
 Gell's Gravitas          Tloc           0%         N/A       77%         3
 Lesser Beckoning         Tloc           0%         N/A       77%         3
 Teleport Other           Tloc           0%         N/A       77%         3
 Ice Form                 Ice/Tmut       0%         N/A       99%         4
 Summon Ice Beast         Ice/Summ       0%         N/A       99%         4


Dungeon Overview and Level Annotations

Branches:
Dungeon (2/15)

Altars:
Vehumet
Lugonu

Annotations:
D:2 Robin


Innate Abilities, Weirdness & Mutations

You are too large for most types of armour.
You have tough skin. (AC +1)


Message History

You barely miss the goblin.
The goblin is moderately wounded.
You hit the goblin. The goblin hits you but does no damage.
The goblin hits you with a +0 club.
You barely miss the goblin.
The goblin is moderately wounded.
You hit the goblin.
You kill the goblin!
Lugonu accepts your kill.
The goblin no longer looks unusually strong. x2
Robin misses you. The goblin hits you with a +0 club.
Robin throws the goblin at you! The goblin closely misses you.
The gnoll misses you. Robin hits you with a +0 spear.
* * * LOW HITPOINT WARNING * * *
You barely miss Robin. You closely miss the goblin. You hit the goblin.
You hit the gnoll.
The goblin no longer looks unusually strong.
The goblin barely misses you. The gnoll barely misses you.
Robin barely misses you. The goblin hits you with a +0 dagger.
* * * LOW HITPOINT WARNING * * *
The gnoll attacks as you move away! The gnoll hits you with a +0 club.
* * * LOW HITPOINT WARNING * * *
The goblin barely misses you. x2; Robin throws the goblin at you!
Things that are here:
a +0 club; a goblin corpse The ball python attacks as you move away!
The ball python misses you. The goblin attacks as you move away!
The goblin completely misses you.
Robin roars a battlecry!
The goblins go into a battle-frenzy!
The goblin completely misses you. The goblin hits you with a +0 dagger.
* * * LOW HITPOINT WARNING * * *
The gnoll closely misses you.
As you read the scroll labelled QAV QURGHORIDUI, it crumbles to dust.
It is a scroll of amnesia.
You feel forgetful for a moment. Robin throws the goblin at you!
* * * LOW HITPOINT WARNING * * *
The goblin hits you but does no damage. The ball python barely misses you.
The goblin hits you with a +0 dagger.
You die...

##.....!.........###..#....#
...[.._...#.##........######
..........#.##.......##
.>..............##.#.####.g
......##...#..#..#......g.g
#...........>......!####
#.....###..........)#####ggl
#...............gggg)g.g..g.
......#.....###g@).)######g.
#..........## #.gS..#
#.......#..# #..#####
....[...#..##..##.
#................
#..........#...
..........)#.##
..............####
##................


You could see Robin, 4 gnolls, 3 goblins and a ball python.

Vanquished Creatures
  A worm (D:2)
  2 dart slugs (D:1)
  4 bats
  5 endoplasms
  3 giant cockroaches
  7 goblins (D:2)
  8 hobgoblins
  2 jackals (D:2)
  A quokka (D:1)
  4 ball pythons
  3 frilled lizards
  2 kobolds
  A rat (D:2)
43 creatures vanquished.

Notes
Turn   | Place    | Note
-------+----------+-------------------------------------------
     0 | D:1      | shoemetal68 the Ogre Gladiator began the quest for the Orb.
     0 | D:1      | Reached XP level 1. HP: 22/22 MP: 1/1
     3 | D:1      | Noticed a merfolk zombie
     5 | D:1      | Noticed a dwarf
    12 | D:1      | Noticed a demonspawn zombie
    12 | D:1      | Noticed a gargoyle
    19 | D:1      | Noticed a dwarf
    23 | D:1      | Noticed a barachi
   350 | D:1      | Reached XP level 2. HP: 27/29 MP: 2/2
   644 | D:1      | Found a faded altar of an unknown god.
   649 | D:1      | Prayed at the altar of an unknown god.
   649 | D:1      | Became a worshipper of Lugonu the Unformed
   649 | D:1      | Reached * piety under Lugonu
   649 | D:1      | Reached ** piety under Lugonu
   865 | D:1      | Reached XP level 3. HP: 36/36 MP: 3/3
  1107 | D:2      | Found a radiant altar of Vehumet.
  1241 | D:2      | Noticed Robin
  1247 | D:2      | Reached skill level 4 in Axes
  1248 | D:2      | Reached XP level 4. HP: 17/45 MP: 4/4
  1258 | D:2      | HP: 1/45 [Robin/goblin (2)]
  1258 | D:2      | Slain by a goblin

Illustrated notes

Levels and vault maps discovered:
D:1:      shiori_arrival_whats_in_store_for_you, layout_loops_ring,
          shapermc_ecumenical_altar_mp_vishouse, fountainhead,
          chequers_decorated_corner
D:2:      layout_rooms, basic_altar, minmay_small_reverse_x, uniq_robin

Skill      XL: |  1  2  3 |
---------------+----------+-----
Dodging        | 3 |  3.0
Fighting       | 3 |  3.4
Axes           | 4 |  4.0
Throwing       | |  2.1
Stealth        | |  0.1

Action                   |  1- 3 |  4- 6 || total
-------------------------+-------+-------++-------
Melee: War axe           |   113 |     3 ||   116
Throw: Large rock        |     2 |       ||     2
  Use: Scroll            |       |     1 ||     1
Armor: Robe              |    51 |     2 ||    53
Dodge: Dodged            |    90 |    19 ||   109
